 Dungeon Crawl Stone Soup version 0.19-a0-1682-g5114f93 (webtiles) character file.

33 st0uf the Skirmisher (level 3, 29/29 HPs)
             Began as a Demonspawn Fighter on Sept 24, 2016.
             Quit the game on level 2 of the Dungeon.
             The game lasted 00:02:30 (835 turns).

st0uf the Skirmisher (Demonspawn Fighter)            Turns: 835, Time: 00:02:31

Health: 29/29      AC:  7    Str: 17    XL:     3   Next: 12%
Magic:  3/3        EV:  9    Int:  9    God:
Gold:   29         SH:  0    Dex: 12    Spells: 0 memorised, 2 levels left

rFire  . . .     SeeInvis .     a - +0 war axe
rCold  . . .     Gourm    .     b - +0 scale mail
rNeg   . . .     Faith    .     (no shield)
rPois  .         Spirit   .     (helmet restricted)
rElec  .         Dismiss  .     (no cloak)
rCorr  .         Reflect  .     (no gloves)
MR     .....     Harm     .     (no boots)
Stlth  +.........               (no amulet)
                                (no ring)
                                (no ring)

@: no status effects
A: antennae 1, nightstalker 1
a: no special abilities


You were on level 2 of the Dungeon.
You were not hungry.

You visited 1 branch of the dungeon, and saw 2 of its levels.

You collected 29 gold pieces.

Inventory:

Hand Weapons
 a - a +0 war axe (weapon)
Armour
 b - a +0 scale mail (worn)
Scrolls
 c - a scroll of noise {unknown}
 g - a scroll of immolation {unknown}
 h - a scroll of amnesia {unknown}
 l - a scroll of remove curse {unknown}
 m - a scroll of blinking {unknown}
 n - a scroll of recharging {unknown}
 r - a scroll of identify {unknown}
Potions
 d - a potion of might
 e - a potion of mutation {unknown}
 i - a potion of heal wounds {unknown}
 j - a potion of beneficial mutation {unknown}
 k - 2 potions of curing {unknown}
 o - a potion of agility {unknown}
 q - a potion of degeneration {unknown}
Comestibles
 f - a bread ration
 p - 2 chunks of flesh


   Skills:
 * Level 3.5 Fighting
 * Level 2.2 Axes
 + Level 2.9 Armour
 + Level 0.8 Dodging
   Level 2.6 Shields


You had 2 spell levels left.
You didn't know any spells.

Dungeon Overview and Level Annotations

Branches:
Dungeon (2/15)

Altars:


Innate Abilities, Weirdness & Mutations

You have a pair of small antennae on your head.
You are slightly more attuned to the shadows.


Message History

You see here a purple potion.
k - 2 purple potions (gained 1)
You hit the adder.
The adder is heavily wounded.
The adder closely misses you. x2
Your scale mail prevents you from hitting the adder.
The adder is heavily wounded.
The adder bites you but does no damage. x2
You completely miss the adder.
The adder is heavily wounded.
The adder completely misses you. The adder closely misses you.
You slash the adder!
You kill the adder!
You have reached level 3!
Your experience leads to an increase in your attributes!
Increase (S)trength, (I)ntelligence, or (D)exterity?
You feel stronger.
Your demonic ancestry asserts itself...
You slip into the darkness of the dungeon.
You see here an adder corpse.
Are you sure you want to abandon this character and quit the game? (Confirm with "yes".)

##########
#........# ###.
#........#####....
#.....@..#......##
#................#
#..$..............
#.................
########..........
#...†.......
##..(.......
########.........
.................


There were no monsters in sight!

Vanquished Creatures
  An adder (D:2)
  A dart slug (D:1)
  A giant cockroach (D:1)
  A hobgoblin (D:1)
  2 jackals (D:2)
  8 bats
  A frilled lizard (D:1)
  2 goblins (D:1)
  5 kobolds
  5 rats
27 creatures vanquished.

Notes
Turn   | Place    | Note
-------+----------+-------------------------------------------
     0 | D:1      | st0uf the Demonspawn Fighter began the quest for the Orb.
     0 | D:1      | Reached XP level 1. HP: 18/18 MP: 1/1
   203 | D:1      | Gained mutation: You have a pair of small antennae on your head. [demonic ancestry]
   203 | D:1      | Reached XP level 2. HP: 24/24 MP: 2/2
   833 | D:2      | Gained mutation: You are slightly more attuned to the shadows. [demonic ancestry]
   833 | D:2      | Reached XP level 3. HP: 29/29 MP: 3/3
   835 | D:2      | Quit the game

Vault maps used:
D:1:      dpeg_arrival_pits
D:2:      uniq_terence

Skill      XL: |  1  2 |
---------------+-------+-----
Axes           | 2 |  2.2
Fighting       | |  3.5
Armour         | |  2.9
Dodging        | |  0.8
Shields        | |  2.6

Action                   || total
-------------------------++-------
Melee: War axe           ||    90
Armor: Scale mail        ||    72
Dodge: Dodged            ||    72
